 Dungeon Crawl Stone Soup version 0.25-a0-670-g50981ef59b (webtiles) character file.

Game seed: 454070867825426493, levelgen mode: deterministic

540873 grmr the Conqueror (level 25, -5/257 HPs)
             Began as a Minotaur Berserker on Mar 26, 2020.
             Was an Elder of Trog.
             Killed from afar by a shadow dragon (13 damage)
             ... with a bolt of negative energy
             ... on level 5 of the Vaults on Mar 29, 2020.
             The game lasted 07:15:18 (77080 turns).

grmr the Conqueror (Minotaur Berserker)            Turns: 77080, Time: 07:15:20

Health: -5/257     AC: 27    Str: 30    XL:     25   Next: 25%
Magic:  31/31      EV: 16    Int: 12    God:    Trog [****..]
Gold:   5185       SH: 22    Dex: 13    Spells: 24/24 levels left

rFire    + + +     SeeInvis .   a - +11 broad axe of Relativism {flame, Int+3 Stlth+}
rCold    + + +     Gourm    .   U - +5 kite shield {reflect}
rNeg     . . .     Faith    .   t - +1 gold dragon scales
rPois    +         Spirit   .   (helmet restricted)
rElec    .         Reflect  +   y - scarf {rC+ rF+}
rCorr    .         Harm     .   (no gloves)
MR       +++..                  L - +0 pair of boots "Peopragg" {rC+ Int+4}
Stlth    ..........             K - +2 amulet of reflection
HPRegen  1.52/turn              E - +3 ring of slaying
MPRegen  0.22/turn              Z - ring of protection from fire

@: lethally poisoned (-5 -> -6), marked, berserk cooldown, regenerating, drained
A: retaliatory headbutt, horns 2
}: 2/15 runes: serpentine, barnacled
a: Berserk, Trog's Hand, Brothers in Arms, Renounce Religion


You were on level 5 of the Vaults.
You worshipped Trog.
Trog was greatly pleased with you.
You were not hungry.

You visited 8 branches of the dungeon, and saw 44 of its levels.
You visited the Abyss 2 times.

You collected 5780 gold pieces.
You spent 595 gold pieces at shops.

Inventory:

Hand Weapons
 a - the +11 broad axe of Relativism (weapon) {flame, Int+3 Stlth+}
   (Trog gifted it to you on level 4 of the Shoals)

   It has been specially enchanted to burn those struck by it, causing extra
   injury to most foes and up to half again as much damage against particularly
   susceptible opponents.
   Big, fiery blades are also staple armaments of hydra-hunters.
   It affects your intelligence (+3).
   It makes you more stealthy.
 b - a +9 broad axe of electrocution
Missiles
 k - 11 throwing nets (quivered)
Armour
 t - +1 gold dragon scales (worn)
 y - a scarf of resistance (worn)
 L - the +0 pair of boots "Peopragg" (worn) {rC+ Int+4}
   (You found it on level 9 of the Dungeon)

   It affects your intelligence (+4).
   It protects you from cold.
 U - a +5 kite shield of reflection (worn)
Jewellery
 g - an uncursed ring of protection from magic
 h - an uncursed ring of positive energy
 j - the ring of Irium {rPois Str+4}
   (You took it off a tengu reaver on level 4 of the Depths)

   [ring of poison resistance]

   It affects your strength (+4).
   It protects you from poison.
 B - an uncursed ring of protection from magic
 C - an uncursed amulet of guardian spirit
 E - a +3 ring of slaying (left hand)
 K - a +2 amulet of reflection (around neck)
 Q - an uncursed ring of see invisible
 W - the ring of Beauty {+Blink rPois EV+4 Dex-4}
   (You bought it in a shop on level 2 of the Orcish Mines)

   [ring of evasion]

   It affects your evasion (+4).
   It affects your dexterity (-4).
   It protects you from poison.
   It lets you blink.
 X - an uncursed ring of resist corrosion
 Z - a ring of protection from fire (right hand)
Wands
 s - a wand of acid (10)
 v - a wand of enslavement (7)
 J - a wand of digging (8)
 N - a wand of scattershot (4)
 P - a wand of polymorph (14)
 V - a wand of random effects (14)
Scrolls
 d - 11 scrolls of identify
 e - 5 scrolls of fog
 f - 10 scrolls of fear
 m - 19 scrolls of remove curse
 w - 2 scrolls of holy word
 D - 9 scrolls of teleportation
 I - a scroll of silence
 R - 7 scrolls of enchant weapon
 T - 4 scrolls of blinking
Potions
 n - 17 potions of curing
 o - 8 potions of flight
 p - 2 potions of ambrosia
 x - 12 potions of lignification
 z - 3 potions of invisibility
 G - 3 potions of magic
 H - 2 potions of berserk rage
 M - 6 potions of brilliance
 O - 2 potions of stabbing
 Y - a potion of cancellation
Miscellaneous
 r - a phial of floods
 u - a lamp of fire
Comestibles
 c - 34 rations


   Skills:
 O Level 27(25.3) Fighting
 - Level 19.6(18.2) Axes
 * Level 24.9(23.4) Armour
 + Level 19.4(18.0) Dodging
 - Level 6.2(5.2) Stealth
 - Level 16.2(14.8) Shields
 + Level 12.4(11.2) Evocations


You had 24 spell levels left.
You didn't know any spells.
Your spell library was empty.

Dungeon Overview and Level Annotations

Branches:
Dungeon (15/15)            Temple (0/1) D:7            Lair (6/6) D:9
 Shoals (4/4) Lair:3        Snake (4/4) Lair:2          Orc (2/2) D:10
    Elf (3/3) Orc:2        Vaults (5/5) D:13          Crypt (0/3) Vaults:3
 Depths (5/5) D:15            Zot (0/5) Depths:5
  Slime: Lair:5-6

Altars:
Ashenzari
Cheibriados
Gozag
Kikubaaqudgha
Okawaru
Trog
Uskayaw
Vehumet
Xom
Yredelemnul
The Shining One
Beogh

Shops:
D:8 (?=(   D:11 }?   Orc:2 *[(=   Elf:1 %   Elf:2 *=   Elf:3 :   Shoals:2 **
Snake:2 (   Vaults:2 *   Depths:5 [

Portals:
Hell: Depths:1 Depths:2 Depths:3 Depths:4 Depths:5
Abyss: Depths:2 Depths:3 Depths:4
Pandemonium: Depths:3
Ziggurat: Depths:5
Trove: D:14 (give +2 storm dragon scales)

Annotations:
Lair:1 exclusion: oklob plant
Lair:2 exclusion: oklob plant
Lair:6 1 runed translucent door, exclusion: 5 oklob plants
Shoals:2 3 runed translucent doors, exclusion: obsidian statue, WasteTime2's ghost, adept DEEE
Snake:1 1 runed translucent door, Blackmass's ghost, journeyman HOFi
Elf:2 3 runed translucent doors
Vaults:1 3 runed translucent doors, Getac's ghost, adept DsGl


Innate Abilities, Weirdness & Mutations

You reflexively headbutt those who attack you in melee.
You have a pair of horns on your head.


Message History

* * * LOW HITPOINT WARNING * * *
The shadow dragon misses you.
The shadow dragon completely misses you.
You block the shadow dragon's attack.
The war gargoyle is engulfed in blazing flames.
Flame seeps out of the war gargoyle.
Your skin crawls.
You feel resistant to hostile enchantments.
You feel quite a bit more hungry.
The golden dragon is engulfed in blazing flames.
Flame seeps out of the golden dragon.
The golden dragon breathes fire at you.
The bolt of fire hits you but does no damage.
The tengu reaver casts a spell at you.
The blast of poison engulfs you but does no damage.
You are poisoned.
You resist. The war gargoyle closely misses you.
The shadow dragon breathes negative energy at you.
The bolt of negative energy hits you!
You feel drained.
You die...

##.#....#.###....### ***,,,,***
,#.#....#p#.......?# *,,,,,,,,*
*#,#....##.........## **,,,,,,,,,
*,,#..%.##.........$# *,.,,,,,,,,
*,,#.%..##.........%##*..,,,,,,,,
*,,#....##.........Q§#..,,,,,,,,,
,,,*,,,,*##)...§.☼§D)§..,,,,,,,,*
,,,*,,,,* ###!☼§☼☼.§###+,,,,,,***
,,,*,,,,* ####@D§#,,,*,,,****
,,,*,,,,* ##9##,,,**+** ,,,*,,,,*
***#†D.#,,,*,,,**** ,,,*,,,,*
***,...§°§#**+,,,,,,***
,,,*,,,,***,....%§...',,,,,,,,,,*
*,,*,,,,**...%..%.(..#.,,,,,,,,,,
*,,*,,,,**..........##*..,,,,,,,,
*,,*,,,,**.C........# *,.,,,,,,,,
**,*,,,,**.......(.)# *,,,,,,,,,,


You could see a shadow dragon (inner flame), 2 golden dragons, a tengu reaver, a
war gargoyle (inner flame) and a vault sentinel.

Vanquished Creatures
  An ancient lich (Depths:2)
  Mara (Depths:3)
  4 juggernauts
  Sojobo (Vaults:2)
  Saint Roka (Depths:2)
  Bai Suzhen (Shoals:4)
  9 caustic shrikes
  5 golden dragons
  the Enchantress (Depths:1)
  5 liches
  7 tentacled monstrosities
  2 deep elf blademasters
  3 titans
  A deep elf master archer (Elf:3)
  3 quicksilver dragons
  7 sphinxes
  Gastronok (Lair:2)
  A kraken (Shoals:4)
  Kirke (Lair:4)
  6 shadow dragons
  2 draconian monks (Depths:5)
  5 tengu reavers
  Ilsuiw (Shoals:4)
  2 storm dragons
  7 nagarajas
  13 fire giants
  9 frost giants
  2 iron dragons
  7 deep elf sorcerers (Elf:3)
  11 vault wardens
  A draconian shifter (Depths:5)
  A caustic shrike zombie (Depths:2)
  4 deep elf elementalists
  6 orc warlords
  4 spriggan defenders
  15 stone giants
  15 very ugly things
  15 ironheart preservers
  6 vampire knights
  An entropy weaver (Vaults:4)
  4 deep elf demonologists (Elf:3)
  A stone giant (shapeshifter) (Vaults:4)
  2 red draconians (Depths:5)
  A green draconian (Depths:5)
  11 deep elf annihilators
  A white draconian (Depths:5)
  A dire elephant (shapeshifter) (Depths:3)
  2 spark wasps
  6 ettins
  Snorg (D:14)
  Josephine (D:10)
  5 deep elf death magi
  15 ogre magi
  A crystal guardian (Vaults:2)
  10 fire dragons
  9 merfolk javelineers
  5 merfolk impalers
  12 yaktaur captains
  Erolcha (D:10)
  8 deep elf high priests
  35 vault guards
  3 great orbs of eyes
  18 naga warriors
  5 hydras
  13 ice dragons
  6 spriggan air magi
  2 hell beasts (Depths:3)
  7 rakshasas
  A catoblepas (Lair:2)
  2 satyrs
  6 merfolk avatars
  9 anacondas
  6 merfolk aquamancers
  A death knight (Vaults:2)
  7 centaur warriors
  32 two-headed ogres
  6 death yaks (Lair:6)
  9 dancing weapons
  4 tengu warriors
  9 deep troll earth magi
  8 deep troll shamans
  13 spriggan berserkers
  15 deep elf knights
  2 orc high priests
  8 naga sharpshooters
  Nergalle (Lair:3)
  3 vampire magi
  Urug (Lair:5)
  8 hell knights
  Sonja (Lair:4)
  A sun demon (Abyss:3)
  7 shock serpents
  A storm dragon zombie (Depths:2)
  A shadow wraith (Depths:2)
  2 fire crabs (shapeshifter)
  An iron troll (Depths:4)
  3 salamander mystics
  30 slime creatures
  5 flayed ghosts
  9 naga ritualists
  9 skeletal warriors
  4 unseen horrors
  10 sea snakes
  An infernal demonspawn (Depths:3)
  Pikel (D:9)
  2 lindwurms (Lair:6)
  A death drake (shapeshifter) (Vaults:2)
  A swamp dragon (shapeshifter) (Vaults:1)
  36 deep trolls
  5 glowing orange brains
  A lindwurm (shapeshifter) (Depths:2)
  14 deep elf archers
  2 tengu zombies
  2 phantasmal warriors
  9 ironbrand convokers
  A golden dragon skeleton (Depths:2)
  19 harpies
  7 wizards
  A wolf spider (Vaults:1)
  9 necromancers
  9 fauns
  54 deep elf magi
  10 mana vipers
  A salamander (shapeshifter) (Depths:2)
  17 manticores
  35 ugly things
  A shadow dragon skeleton (Vaults:4)
  22 orc knights
  3 frost giant zombies
  7 orc sorcerers
  13 cyclopes
  10 salamanders
  45 black mambas
  6 elephants (Lair:6)
  7 merfolk sirens
  27 naga magi
  A rust devil (Depths:3)
  11 water nymphs
  A frost giant skeleton (Depths:2)
  A guardian serpent (shapeshifter) (Elf:1)
  3 guardian serpents
  4 centaur zombies
  6 torpor snails
  5 spiny frogs
  Psyche (D:8)
  An apocalypse crab (Abyss:3)
  13 vault sentinels
  A smoke demon (Depths:3)
  A rime drake (shapeshifter) (Vaults:1)
  A molten gargoyle (D:11)
  2 gargoyles
  4 kobold demonologists
  5 freezing wraiths
  2 efreet
  An ancient zyme (Abyss:1)
  26 yaktaurs
  6 komodo dragons
  A yaktaur (shapeshifter) (Vaults:4)
  A hellwing (Abyss:1)
  A rime drake (Lair:4)
  4 tengu conjurers
  A polar bear (Lair:6)
  18 trolls
  2 meliai (shapeshifter) (Vaults:3)
  A tengu simulacrum (Vaults:2)
  3 tyrant leeches (Lair:6)
  2 red devils (Depths:3)
  A jumping spider (shapeshifter) (Depths:3)
  3 meliai (D:15)
  31 merfolk
  A polar bear (shapeshifter) (Depths:3)
  A queen bee (Lair:3)
  13 hornets
  Prince Ribbit (D:9)
  6 wind drakes
  14 blink frogs
  An ettin zombie (Depths:2)
  A dream sheep (shapeshifter) (Depths:3)
  10 dream sheep
  8 hippogriffs
  9 snapping turtles
  A hippogriff (shapeshifter) (Elf:2)
  An air elemental (Elf:3)
  6 flying skulls (Depths:3)
  Sigmund (D:2)
  2 shadows
  9 spriggans
  A tarantella (shapeshifter) (Vaults:2)
  A ynoxinul (Depths:3)
  24 water elementals
  3 wyverns
  53 yaks
  2 vampires
  7 wraiths
  A hog (Lair:4)
  A spriggan skeleton (Depths:2)
  A basilisk (D:13)
  5 fire elementals
  An elf zombie (Depths:2)
  A hog (shapeshifter) (Depths:4)
  2 hungry ghosts
  A golden eye (D:10)
  A neqoxec (Depths:3)
  Grum (D:8)
  An elf simulacrum (Depths:3)
  9 wargs
  2 soldier ants
  83 nagas
  2 acid dragons
  11 water moccasins
  7 hell hounds (D:13)
  11 porcupines
  35 orc warriors
  A floating eye (Depths:4)
  A sky beast (D:9)
  A black bear (D:8)
  5 ice beasts
  3 phantoms
  An eye of draining (D:13)
  31 ogres
  A wolf (shapeshifter) (Depths:4)
  A necrophage (D:15)
  5 human zombies
  8 boggarts
  8 wolves
  A human skeleton (Vaults:4)
  14 centaurs
  7 crocodiles
  5 big kobolds
  19 bullfrogs
  A gnoll sergeant (D:5)
  An earth elemental (Elf:2)
  5 scorpions
  A scorpion (shapeshifter) (Vaults:4)
  31 killer bees
  A human simulacrum (Vaults:2)
  5 wights
  6 howler monkeys
  2 electric eels (Lair:4)
  10 crimson imps
  A lava snake (D:11)
  A bullfrog zombie (D:12)
  9 hounds
  5 quasits
  3 small abominations
  15 orc priests
  4 centaur skeletons
  7 jellies
  30 orc wizards
  2 iron imps
  Jessica (D:2)
  Ijyb (D:4)
  Terence (D:3)
  4 iguanas
  5 worker ants
  A hound zombie (D:8)
  A worker ant zombie (D:9)
  Robin (D:3)
  12 gnolls
  7 adders
  4 shadow imps
  A white imp (Depths:3)
  2 ufetubi (Depths:3)
  4 oozes
  2 adder zombies
  3 worms
  3 leopard geckos
  75 orcs
  4 giant cockroaches
  8 hobgoblins
  5 jackals
  12 kobolds
  3 quokkas
  6 bats
  4 frilled lizards
  A giant cockroach zombie (D:5)
  12 goblins
  A jackal skeleton (D:8)
  A leopard gecko zombie (D:6)
  4 rats
  A butterfly (Lair:4)
  3 crawling corpses (Elf:3)
  4 fungi
  30 plants
  A starspawn tentacle (Abyss:3)
  4 tentacles (Shoals:4)
1989 creatures vanquished.

Vanquished Creatures (collateral kills)
  2 merfolk aquamancers (Shoals:2)
  A slime creature (D:14)
  A deep elf mage (Vaults:1)
  A merfolk (Shoals:3)
  An adder zombie (D:9)
6 creatures vanquished.

Vanquished Creatures (others)
  A deep elf blademaster (Elf:3)
  A deep elf master archer (Elf:3)
  3 yaktaur captains
  4 centaur warriors
  2 satyrs
  A deep elf knight (Vaults:1)
  5 deep elf archers
  A manticore (Shoals:4)
  A faun (Shoals:3)
  3 cyclopes
  A naga mage (Snake:4)
  9 yaktaurs
  A water elemental (Elf:1)
  A human (Lair:4)
  A slave (D:9)
  A boggart (Vaults:1)
  5 centaurs
  A crimson imp (D:15)
  A shadow imp (D:15)
  2 orcs
  A quokka skeleton (D:9)
  A butterfly (Lair:4)
  30 fungi
  60 plants
  33 tentacles (Shoals:4)
170 creatures vanquished.

Grand Total: 2165 creatures vanquished

Notes
Turn   | Place    | Note
-------+----------+-------------------------------------------
     0 | D:1      | grmr the Minotaur Berserker began the quest for the Orb.
     0 | D:1      | Reached XP level 1. HP: 19/19 MP: 0/0
   153 | D:1      | Reached XP level 2. HP: 25/27 MP: 1/1
   648 | D:1      | Reached skill level 4 in Fighting
  1243 | D:2      | Noticed Jessica
  1249 | D:2      | Killed Jessica
  1249 | D:2      | Reached XP level 3. HP: 34/34 MP: 2/2
  1546 | D:2      | Noticed Sigmund
  1553 | D:2      | Killed Sigmund
  1553 | D:2      | Reached ** piety under Trog
  1553 | D:2      | Reached skill level 5 in Fighting
  1553 | D:2      | Reached skill level 5 in Axes
  1553 | D:2      | Reached XP level 4. HP: 42/42 MP: 3/3
  1553 | D:2      | Reached XP level 5. HP: 48/48 MP: 4/4
  1957 | D:3      | Noticed Terence
  1964 | D:3      | Killed Terence
  2607 | D:3      | Reached XP level 6. HP: 53/56 MP: 5/5
  2692 | D:3      | Noticed Robin
  2733 | D:3      | Killed Robin
  3241 | D:4      | Reached skill level 6 in Fighting
  3507 | D:4      | Reached XP level 7. HP: 63/63 MP: 6/6
  3808 | D:4      | Noticed Ijyb
  3812 | D:4      | Killed Ijyb
  3932 | D:5      | Entered Level 5 of the Dungeon
  4052 | D:5      | Reached *** piety under Trog
  4052 | D:5      | Reached skill level 1 in Evocations
  4571 | D:6      | Reached skill level 7 in Fighting
  4618 | D:6      | Reached XP level 8. HP: 27/73 MP: 6/8
  4777 | D:6      | Reached skill level 5 in Armour
  4905 | D:6      | Found an opulent altar of Gozag.
  5429 | D:7      | Found a staircase to the Ecumenical Temple.
  5667 | D:7      | Found a shattered altar of Ashenzari.
  5669 | D:7      | Found a radiant altar of Vehumet.
  5674 | D:7      | Found a snail-covered altar of Cheibriados.
  5674 | D:7      | Found a hide-covered altar of Uskayaw.
  5674 | D:7      | Found a bloodstained altar of Trog.
  5676 | D:7      | Found a basalt altar of Yredelemnul.
  5677 | D:7      | Found a shimmering altar of Xom.
  5679 | D:7      | Found a glowing golden altar of the Shining One.
  5879 | D:8      | Found Zuirotuo's Antique Weapon Shop.
  5897 | D:8      | Reached skill level 5 in Dodging
  5950 | D:8      | Reached skill level 8 in Fighting
  6156 | D:8      | Found Tecwipemp's Jewellery Shop.
  6166 | D:8      | Reached XP level 9. HP: 77/82 MP: 10/10
  6522 | D:8      | Noticed an efreet
  6531 | D:8      | Killed an efreet
  6596 | D:8      | Noticed a manticore
  6596 | D:8      | Noticed a brown ugly thing
  6600 | D:8      | Reached skill level 9 in Fighting
  6609 | D:8      | Killed a brown ugly thing
  6621 | D:8      | Killed a manticore
  6872 | D:8      | Reached skill level 10 in Axes
  7160 | D:8      | Reached skill level 10 in Fighting
  7238 | D:8      | Noticed Psyche
  7250 | D:8      | Killed Psyche
  7250 | D:8      | Reached XP level 10. HP: 75/93 MP: 12/12
  7464 | D:8      | Found Xittiucoo's Magic Scroll Shoppe.
  7745 | D:8      | Noticed a gargoyle
  7766 | D:8      | Killed a gargoyle
  8084 | D:8      | Found Cocana's Antique Weapon Shop.
  8154 | D:8      | Noticed a two-headed ogre
  8169 | D:8      | Killed a two-headed ogre
  8197 | D:8      | Noticed Grum
  8204 | D:8      | Killed Grum
  8479 | D:9      | Reached skill level 11 in Fighting
  8528 | D:9      | Noticed Prince Ribbit
  8536 | D:9      | Killed Prince Ribbit
  8722 | D:8      | Reached skill level 5 in Evocations
  9139 | D:9      | Found a staircase to the Lair.
  9146 | D:9      | Noticed Maggie
  9149 | D:9      | Noticed Maggie
  9149 | D:9      | Maggie changed into Maggie the soldier ant
  9159 | D:9      | Killed Maggie the soldier ant
  9193 | D:9      | Noticed Pikel
  9196 | D:10     | Entered Level 10 of the Dungeon
  9207 | D:9      | Killed Pikel
  9207 | D:9      | Reached XP level 11. HP: 76/102 MP: 13/13
  9509 | D:9      | Got a pair of warped boots
  9520 | D:9      | Identified the +0 pair of boots "Peopragg" {rC+ Int+4} (You
                  | found it on level 9 of the Dungeon)
  9931 | D:10     | Found a staircase to the Orcish Mines.
  9946 | D:10     | Reached **** piety under Trog
 10079 | D:10     | Reached skill level 12 in Fighting
 10130 | D:10     | Noticed Josephine
 10157 | D:10     | Killed Josephine
 11355 | D:10     | Got a crystal trident
 11780 | Orc:1    | Entered Level 1 of the Orcish Mines
 11785 | Orc:1    | Noticed Erolcha
 11786 | Orc:1    | Noticed a two-headed ogre
 11787 | Orc:1    | Noticed an orc knight
 11992 | D:11     | Noticed a two-headed ogre
 11995 | D:11     | Noticed a yaktaur captain
 12009 | D:10     | Killed a two-headed ogre
 12151 | D:11     | Killed a yaktaur captain
 12151 | D:11     | Reached XP level 12. HP: 57/113 MP: 15/15
 12258 | D:11     | Got a twisted plate armour
 12269 | D:11     | Identified the +1 plate armour of the Pits of Slime {MR+
                  | rCorr} (You found it on level 11 of the Dungeon)
 12326 | D:11     | Found a frozen archway.
 12836 | D:11     | Reached skill level 13 in Fighting
 13447 | D:11     | Found Vousirph's Magic Scroll Emporium.
 13521 | D:11     | Found Avamunet's Gadget Shop.
 13686 | Lair:1   | Entered Level 1 of the Lair of Beasts
 13968 | Lair:1   | You fall into a shaft and drop 1 floor!
 14117 | Lair:2   | Noticed Gastronok
 14133 | Lair:2   | Killed Gastronok
 14133 | Lair:2   | Reached ***** piety under Trog
 14133 | Lair:2   | Received a gift from Trog
 14133 | Lair:2   | Reached skill level 10 in Armour
 14647 | Lair:1   | Noticed a five-headed hydra
 14653 | Lair:1   | Killed a five-headed hydra
 15571 | Lair:2   | Found a staircase to the Snake Pit.
 15616 | Lair:2   | Noticed a catoblepas
 15643 | Lair:2   | Killed a catoblepas
 15643 | Lair:2   | Reached skill level 14 in Fighting
 16338 | Lair:3   | Reached XP level 13. HP: 114/124 MP: 17/17
 16833 | Lair:3   | You fall into a shaft and drop 2 floors!
 16943 | Lair:4   | Identified the +10 trident of the Magi {vorpal, rF+ Int+4}
                  | (You found it on level 10 of the Dungeon)
 17167 | Lair:4   | Reached skill level 10 in Dodging
 17197 | Lair:4   | Noticed Sonja
 17693 | Lair:4   | Noticed Kirke
 17706 | Lair:4   | Killed Kirke
 17706 | Lair:4   | Received a gift from Trog
 17991 | Lair:4   | Killed Sonja
 18589 | Lair:5   | Reached skill level 15 in Axes
 18936 | Lair:5   | Reached skill level 15 in Fighting
 19019 | Lair:5   | Noticed Urug
 19033 | Lair:5   | Killed Urug
 19881 | Lair:6   | Entered Level 6 of the Lair of Beasts
 20187 | Lair:6   | Found a runed translucent door.
 20410 | Lair:6   | Paralysed by a hornet for 1 turns
 20441 | Lair:6   | Reached XP level 14. HP: 58/135 MP: 19/19
 21076 | Lair:6   | Paralysed by a hornet for 2 turns
 22861 | D:12     | Received a gift from Trog
 23018 | D:12     | Reached skill level 16 in Fighting
 24542 | D:13     | Found a gate to the Vaults.
 24782 | D:13     | Received a gift from Trog
 25020 | D:14     | Noticed Snorg
 25030 | D:14     | Killed Snorg
 25865 | D:14     | Found a portal to a secret trove of treasure.
 26130 | D:15     | Entered Level 15 of the Dungeon
 26801 | D:15     | Reached XP level 15. HP: 118/145 MP: 20/20
 27085 | D:14     | HP: 1/146 [very large slime creature (39)]
 28265 | D:15     | Found a staircase to the Depths.
 28535 | D:15     | Reached skill level 17 in Fighting
 29300 | D:10     | Killed Erolcha
 30147 | Orc:2    | Entered Level 2 of the Orcish Mines
 30171 | Orc:2    | Received a gift from Trog
 30434 | Orc:2    | Found a staircase to the Elven Halls.
 30859 | Orc:2    | Noticed an orc warlord
 30878 | Orc:2    | Killed an orc warlord
 30885 | Orc:2    | Found a roughly hewn altar of Beogh.
 31324 | Orc:2    | Found Lonasana's Antique Weapon Boutique.
 31445 | Orc:2    | Found Feudeat's Jewellery Boutique.
 31666 | Orc:2    | Found Vytsil's General Store.
 31692 | Orc:2    | Found Vitemeurofe's Antique Armour Boutique.
 31747 | Orc:2    | Bought the ring of Beauty {+Blink rPois EV+4 Dex-4} for 595
                  | gold pieces
 32084 | Snake:1  | Entered Level 1 of the Snake Pit
 32633 | Snake:1  | Cast into level 1 of the Abyss (salamander)
 33027 | Snake:1  | Escaped the Abyss
 33380 | Snake:1  | Reached skill level 10 in Evocations
 33632 | Snake:1  | Reached XP level 16. HP: 89/157 MP: 22/22
 34008 | Snake:1  | Reached skill level 18 in Fighting
 34045 | Snake:1  | Found a runed translucent door.
 34046 | Snake:1  | Noticed Blackmass's ghost (journeyman HOFi)
 34106 | Snake:2  | Found Hajoxzuv's Antique Weapon Boutique.
 35898 | Snake:3  | Received a gift from Trog
 36561 | Snake:3  | Reached skill level 19 in Fighting
 37246 | Snake:4  | Entered Level 4 of the Snake Pit
 37555 | Snake:4  | Received a gift from Trog
 37555 | Snake:4  | Reached XP level 17. HP: 168/168 MP: 23/23
 39466 | Snake:4  | Received a gift from Trog
 39717 | Snake:4  | Reached skill level 15 in Armour
 39866 | Snake:4  | Got a serpentine rune of Zot
 40133 | Lair:3   | Found a staircase to the Shoals.
 40488 | Lair:3   | Noticed Nergalle
 40499 | Lair:3   | Killed Nergalle
 40703 | Lair:3   | Upgraded the game from 0.25-a0-665-ga69d64035b to
                  | 0.25-a0-667-gb977e01cb5
 40835 | Shoals:1 | Entered Level 1 of the Shoals
 41205 | Shoals:1 | Reached skill level 1 in Shields
 41957 | Shoals:1 | Reached skill level 20 in Fighting
 42045 | Shoals:1 | Received a gift from Trog
 42048 | Shoals:1 | Got a steaming battleaxe {god gift}
 42050 | Shoals:1 | Identified the +5 battleaxe "Xettogac" {vorpal, Int+2
                  | Dex+4} (Trog gifted it to you on level 1 of the Shoals)
 43772 | Shoals:2 | Found a runed translucent gate.
 43773 | Shoals:2 | Found a runed translucent gate.
 43774 | Shoals:2 | Found a runed translucent gate.
 43775 | Shoals:2 | Found an opulent altar of Gozag.
 43777 | Shoals:2 | Found Etwen's Assorted Antiques.
 43777 | Shoals:2 | Noticed WasteTime2's ghost (adept DEEE)
 43784 | Shoals:2 | Found Hausiosu's Assorted Antiques.
 44099 | Shoals:3 | Received a gift from Trog
 44329 | Shoals:3 | Reached skill level 5 in Shields
 44341 | Shoals:3 | Reached XP level 18. HP: 143/179 MP: 24/24
 45301 | Shoals:4 | Entered Level 4 of the Shoals
 45669 | Shoals:4 | Received a gift from Trog
 45693 | Shoals:4 | Got an ichor-stained broad axe {god gift}
 45694 | Shoals:4 | Identified the +11 broad axe of Relativism {flame, Int+3
                  | Stlth+} (Trog gifted it to you on level 4 of the Shoals)
 45936 | Shoals:4 | Noticed Bai Suzhen
 45969 | Shoals:4 | Killed Bai Suzhen
 46750 | Shoals:4 | Noticed Ilsuiw
 47060 | Shoals:4 | Killed Ilsuiw
 47401 | Shoals:4 | Identified the +4 ring mail "Pippa" {+Inv Str-3 Dex+7
                  | Stlth+}
 47745 | Shoals:4 | Identified the +5 trident of Bikemiu {holy, Int+5}
 48272 | Shoals:4 | Identified the Collected Works on Noxious Creation
 48363 | Shoals:4 | Reached skill level 21 in Fighting
 48401 | Shoals:4 | Received a gift from Trog
 48752 | Shoals:4 | Got a barnacled rune of Zot
 49038 | Vaults:1 | Entered Level 1 of the Vaults
 50135 | Vaults:1 | Reached XP level 19. HP: 154/189 MP: 25/25
 50313 | Vaults:1 | Received a gift from Trog
 50313 | Vaults:1 | Identified a scroll of acquirement
 50322 | Vaults:1 | Identified the amulet "Riothruof" {RegenMP Dex+3 Slay-3}
                  | (You acquired it on level 1 of the Vaults)
 51078 | Vaults:1 | Found a runed translucent gate.
 51078 | Vaults:1 | Found a runed translucent gate.
 51078 | Vaults:1 | Found a runed translucent gate.
 51080 | Vaults:1 | Noticed Getac's ghost (adept DsGl)
 51534 | Vaults:1 | Reached skill level 10 in Shields
 51856 | Vaults:1 | Reached skill level 15 in Dodging
 51866 | Vaults:1 | Received a gift from Trog
 52394 | Vaults:2 | Noticed Sojobo
 52407 | Vaults:2 | Killed Sojobo
 52492 | Vaults:2 | Found Eraush's Assorted Antiques.
 52493 | Vaults:2 | Found a ruined gateway.
 52875 | Vaults:2 | Cast into level 3 of the Abyss (a deep elf sorcerer)
 52999 | Vaults:2 | Escaped the Abyss
 53160 | Vaults:2 | Received a gift from Trog
 53545 | Vaults:2 | Reached skill level 22 in Fighting
 54994 | Vaults:3 | Reached XP level 20. HP: 197/197 MP: 26/26
 55382 | Vaults:3 | Found a staircase to the Crypt.
 55382 | Vaults:3 | Found an ancient bone altar of Kikubaaqudgha.
 55383 | Vaults:3 | Found a basalt altar of Yredelemnul.
 55390 | Vaults:3 | Received a gift from Trog
 56379 | Vaults:3 | Found a radiant altar of Vehumet.
 56782 | Vaults:4 | Received a gift from Trog
 56988 | Vaults:4 | Noticed a golden dragon
 56988 | Vaults:4 | a dire elephant changed into a golden dragon
 56994 | Vaults:4 | a golden dragon changed into a stone giant
 57574 | Vaults:4 | Received a gift from Trog
 58804 | Elf:1    | Entered Level 1 of the Elven Halls
 59022 | Elf:1    | Received a gift from Trog
 59022 | Elf:1    | Reached skill level 23 in Fighting
 59670 | Elf:1    | Reached XP level 21. HP: 202/208 MP: 27/27
 59675 | Elf:1    | Received a gift from Trog
 59785 | Elf:1    | Found Xeroepp's Food Emporium.
 60264 | Elf:2    | Found a runed translucent gate.
 60264 | Elf:2    | Found a runed translucent gate.
 60418 | Elf:2    | Found Wugel's Assorted Antiques.
 60546 | Elf:2    | Identified the +6 scale mail "Wulapogh" {rF+++}
 60563 | Elf:2    | Found Ugipran's Jewellery Emporium.
 60735 | Elf:2    | Found a runed translucent gate.
 60945 | Elf:3    | Entered Level 3 of the Elven Halls
 60959 | Elf:3    | Received a gift from Trog
 61370 | Elf:3    | Found Lidiq's Book Boutique.
 62210 | Elf:3    | Reached skill level 15 in Shields
 62289 | Elf:3    | Received a gift from Trog
 63203 | Elf:3    | Got a flickering platinum amulet
 63219 | Elf:3    | Identified the Disquisition on Ashen Poisoning
 63539 | Elf:3    | Identified the amulet of Isann {Gourm Dex+2 Stlth+} (You
                  | found it on level 3 of the Elven Halls)
 63930 | Depths:1 | Entered Level 1 of the Depths
 64203 | Depths:1 | Noticed the Enchantress
 64213 | Depths:1 | Killed the Enchantress
 64220 | Depths:1 | Reached skill level 24 in Fighting
 64436 | Depths:1 | Reached XP level 22. HP: 212/222 MP: 28/28
 64582 | Depths:1 | Found a hide-covered altar of Uskayaw.
 64746 | Depths:1 | Found a gateway to Hell.
 65095 | Depths:1 | Noticed a juggernaut
 65097 | Depths:1 | Noticed a caustic shrike
 65107 | Depths:1 | Killed a caustic shrike
 65111 | Depths:1 | Killed a juggernaut
 65111 | Depths:1 | Reached skill level 1 in Stealth
 65246 | Depths:1 | Noticed a caustic shrike
 65325 | Depths:1 | Killed a caustic shrike
 65718 | Depths:2 | Received a gift from Trog
 66440 | Depths:2 | Noticed Saint Roka
 66457 | Depths:2 | Received a gift from Trog
 66458 | Depths:2 | Killed Saint Roka
 66985 | Depths:2 | Identified the +8 arbalest "Gecul" {speed, rPois}
 67353 | Depths:2 | Noticed an ancient lich
 67540 | Depths:2 | Killed an ancient lich
 67662 | Depths:2 | Found a one-way gate to the infinite horrors of the Abyss.
 67722 | Depths:2 | Found an iron altar of Okawaru.
 67965 | Depths:2 | Received a gift from Trog
 67966 | Depths:2 | Found the +7 lajatang of Order {silver, rMut}
 68191 | Depths:2 | Reached skill level 25 in Fighting
 68408 | Depths:2 | Reached XP level 23. HP: 225/234 MP: 29/29
 69365 | Depths:2 | Upgraded the game from 0.25-a0-667-gb977e01cb5 to
                  | 0.25-a0-668-gea548f19b6
 69541 | Depths:3 | Reached skill level 5 in Stealth
 69563 | Depths:3 | Found a one-way gate leading to the halls of Pandemonium.
 70032 | Depths:3 | Received a gift from Trog
 70793 | Depths:3 | Noticed Mara
 70803 | Depths:3 | Killed Mara
 71349 | Depths:3 | Identified Sorcery for Beginners
 71474 | Depths:3 | Identified the cursed +0 robe of Anaesthesia {Str+4}
 71487 | Depths:3 | Received a gift from Trog
 72168 | Depths:4 | Noticed a juggernaut
 72904 | Depths:4 | Identified the ring of Irium {rPois Str+4}
 73115 | Depths:4 | Reached skill level 26 in Fighting
 73115 | Depths:4 | Reached XP level 24. HP: 224/245 MP: 30/30
 73167 | Depths:4 | Noticed a juggernaut
 73345 | Depths:4 | Killed a juggernaut
 73347 | Depths:4 | Received a gift from Trog
 73689 | Depths:4 | Killed a juggernaut
 73862 | Depths:4 | Found a bloodstained altar of Trog.
 74016 | Depths:4 | Received a gift from Trog
 74083 | Depths:4 | Identified the +6 mace "Keof" {drain, rElec rPois rN+}
 74543 | Depths:4 | Got a brightly glowing plate armour
 74554 | Depths:4 | Identified the +8 plate armour of Piyjuq {*Drain rN+ Int+4}
                  | (You found it on level 4 of the Depths)
 74613 | Depths:4 | Paralysed by a floating eye for 2 turns
 74702 | Depths:4 | Identified the Disquisition on Aerial Translocation
 74926 | Depths:5 | Entered Level 5 of the Depths
 75139 | Depths:5 | Found Xittiucoo's Armour Boutique.
 75402 | Depths:5 | Found a gateway to a ziggurat.
 75667 | Depths:5 | Noticed a juggernaut
 75677 | Depths:5 | Killed a juggernaut
 75785 | Depths:5 | Found a gate to the Realm of Zot.
 75793 | Depths:5 | Received a gift from Trog
 76321 | Depths:5 | Reached skill level 27 in Fighting
 76640 | Depths:5 | Upgraded the game from 0.25-a0-668-gea548f19b6 to
                  | 0.25-a0-670-g50981ef59b
 76975 | Vaults:5 | Entered Level 5 of the Vaults
 76980 | Vaults:5 | Reached XP level 25. HP: 237/257 MP: 30/31
 76997 | Vaults:5 | Received a gift from Trog
 77077 | Vaults:5 | HP: 9/257 [titan/exploding inner flame[the player
                  | character] (6)]
 77080 | Vaults:5 | Killed from afar by a shadow dragon

Levels and vault maps discovered:
D:1:      lightli_arrival_isolated_outpost, layout_loops_ring
D:2:      layout_basic, first_ration, uniq_jessica, uniq_sigmund
D:3:      layout_basic, minivault_23, hangedman_feature_mirror,
          mrwooster_statue_mirror, uniq_robin, uniq_terence
D:4:      layout_basic, uniq_ijyb
D:5:      layout_basic
D:6:      layout_loops_cross, grunt_gozag_statues
D:7:      layout_loops_ring, minitemple, temple_pool_b
D:8:      minmay_the_grid_octo_tiled_squarecenter
          [minmay_the_grid_octo_pinwheel, minmay_the_grid_octo_concentric,
          minmay_the_grid_octo_77, minmay_the_grid_octo_checkerflower,
          minmay_the_grid_square_5x5_megaprize_diamond,
          minmay_the_grid_square_5x5_doubleslash,
          minmay_the_grid_square_5x5_fancy_junction,
          minmay_the_grid_square_5x5_corner,
          minmay_the_grid_square_5x5_detours], layout_basic, serial_shops, shop,
          shop, shop, shop_fountains, grunt_ogre_cave, minivault_11,
          uniq_psyche, uniq_grum
D:9:      layout_cave_pools, dpeg_oklobed_lair, uniq_pikel, uniq_maggie,
          uniq_prince_ribbit1
D:10:     layout_layer_cave, minmay_orc_entry_guard_dogs, uniq_josephine
D:11:     layout_rooms, portal_ice_cave_entry_pillars_1, serial_shops,
          nicolae_shop_crystal, shop, kennysheep_island_fort
D:12:     layout_cave_pools
D:13:     layout_roguey, david_vaults_5, minmay_rotating_lava
D:14:     layout_layer_cave, nicolae_trove_entry_crystal, dk_noncrumbling_3,
          uniq_snorg
D:15:     grunt_enter_depths_snipers, layout_loops_corners,
          serial_bayou_lagoon_a, chequers_serial_rivers_large_a
Lair:1:   layout_regular_city, gauntlet_entry_generic, minmay_hedge_maze,
          minmay_lair_oklob_bushes
Lair:2:   layout_gridlike, dummy_snake_entry, minivault_26, uniq_gastronok
Lair:3:   layout_roguey [special_room_bee], minmay_shoals_entry_hut,
          uniq_nergalle
Lair:4:   layout_concentric_octagons, chequers_serial_rivers_room_a,
          serial_bayou_shore_a, lemuel_fruit_fields, lemuel_fruit_tree,
          uniq_sonja, uniq_kirke
Lair:5:   layout_cave_pods, uniq_urug
Lair:6:   wormcave, layout_layer_cave, minmay_slime_entry_oklob_open
Shoals:1: layout_shoals
Shoals:2: layout_shoals, ebering_ghost_gozag, nicolae_shoals_water_shrine
Shoals:3: layout_shoals
Shoals:4: shoals_end_simple, layout_shoals, shoals_ilsuiw_alternative,
          uniq_bai_suzhen
Snake:1:  layout_rooms, ebering_ghost_inner_flame
Snake:2:  layout_rooms, serial_shops, shop
Snake:3:  nicolae_snakescales, layout_cave_town
Snake:4:  minmay_snake_end_coiled, layout_onion
Orc:1:    layout_diamond_mine, uniq_erolcha
Orc:2:    grunt_orc_cross, layout_caves
Elf:1:    minmay_elf_arrival_plus, layout_geoelf_grid, serial_shops,
          shop_fountains, kennysheep_underground_church
Elf:2:    layout_gridlike, serial_shops,
          nicolae_shop_temple_entry_statues_fountains, minmay_shop_star,
          lemuel_elevator
Elf:3:    minmay_elf_hall_four_x, layout_loops_cross, serial_shops,
          nicolae_shop_behind_doors
Vaults:1: gammafunk_vaults_ghost_necromancy, nicolae_vaults_little_squares_6,
          nicolae_vaults_circle_grid_b, v_pattern_2, v_alt_pattern_5,
          nicolae_vaults_little_squares_6, nicolae_vaults_little_ls, v_misc_29,
          hangedman_vaults_capsules, layout_vaults_quadrants
Vaults:2: vaults_room_grid, v_misc_15, dpeg_vaults_monster_row,
          hangedman_vaults_stitches, nicolae_vaults_little_squares_1,
          st_quartered_hall, nicolae_vaults_bisected_inception,
          ontoclasm_vaults_ring_small, vaults_mumra_hex,
          nicolae_vaults_hallways_thing, ontoclasm_vaults_eye, v_misc_3,
          layout_vaults_omnibox, portal_desolation_entry_nicolae_slug,
          serial_shops, shop, uniq_sojobo, uniq_margery
Vaults:3: v_misc_5, v_misc_17, vaults_room_large_hall,
          vaults_mumra_chevron_long, nicolae_vaults_little_squares_3,
          minmay_crypt_entry_necro_gods, v_alt_pattern_4,
          vaults_standard_mumra_enter_the_diamond, v_alt_pattern_4,
          nicolae_vaults_little_squares_4, nicolae_vaults_what_the_h, v_misc_22,
          layout_vaults_maze_snakey, basic_altar
Vaults:4: ontoclasm_vaults_decontamination, st_more_cells,
          vaults_mumra_minichess, v_rooms_3, nicolae_vaults_circle_grid_a,
          nicolae_vaults_little_squares_2, ontoclasm_vaults_misaligned,
          layout_vaults_ring
Vaults:5: serial_shops
Depths:1: layout_cave_pools, hell_entry, basic_altar,
          minmay_fractal_squares_gapless_7, uniq_enchantress
Depths:2: evilmike_iron_armoury, layout_cave_pools, abyss_entry_crystal,
          special_room [special_room_morgue], grunt_hell_entry_dis_grunt,
          minmay_misc_feat_columns, minmay_orc_keep, uniq_saint_roka
Depths:3: kennysheep_large_vault, layout_cave_shapes, grunt_mini_vestibule,
          abyss_entry, grunt_pan_entry_zigzag, minmay_variable_closet,
          infiniplex_staircase_star, uniq_mara
Depths:4: minmay_central_circle, layout_basic, grunt_decor_one_mirror,
          hell_entry, abyss_entry_small_statue_room,
          evilmike_spriggan_trog_shrine
Depths:5: grunt_zot_entry_bicorn, layout_gridlike, enter_ziggurat_e, hell_entry,
          nrook_uturn, serial_shops, shop

Skill      XL: |  1  2  3  4  5  6  7  8  9 10 11 12 13 14 15 16 17 18 19 20 21 22 23 24 |
---------------+-------------------------------------------------------------------------+-----
Axes           | 4 5 6 7 8 10 11 12 14 15 16 17 19 | 19.6
Fighting       | 4 5 6 7 8 10 11 12 14 15 16 17 19 20 21 22 23 24 25 26 27 | 27.0
Armour         | 3 4 5 7 8 9 10 11 12 13 14 15 17 18 19 20 22 23 24 | 24.9
Dodging        | 3 4 5 6 7 8 9 10 11 12 13 14 15 16 17 18 19 | 19.4
Evocations     | 1 2 4 5 6 7 8 9 10 12 | 12.4
Shields        | 5 9 12 14 16 | 16.2
Stealth        | 4 6 |  6.2

Action                   |  1- 3 |  4- 6 |  7- 9 | 10-12 | 13-15 | 16-18 | 19-21 | 22-24 | 25-27 || total
-------------------------+-------+-------+-------+-------+-------+-------+-------+-------+-------++-------
Melee: Hand axe          |    51 |   121 |   226 |   534 |       |       |       |       |       ||   932
       Headbutt          |     9 |    26 |    51 |   140 |   200 |   211 |   277 |   346 |    12 ||  1272
       Broad axe         |       |       |       |    83 |   908 |  1234 |  1199 |  1125 |    41 ||  4590
       Great mace        |       |       |       |     5 |       |       |       |       |       ||     5
       Battleaxe         |       |       |       |       |    60 |       |       |       |       ||    60
       Eveningstar       |       |       |       |       |    12 |       |       |       |       ||    12
Throw: Throwing net      |       |       |       |       |       |     3 |     1 |       |       ||     4
Invok: Berserk           |     2 |       |     2 |    16 |    20 |    15 |     7 |     7 |     1 ||    70
       Trog's Hand       |       |       |     5 |     8 |    16 |    16 |     8 |     3 |     2 ||    58
       Brothers in Arms  |       |       |       |       |     4 |     1 |     1 |       |       ||     6
 Abil: Evoke Blink       |       |       |       |       |     1 |     1 |       |       |       ||     2
Evoke: Wand              |       |       |    38 |    49 |    38 |    31 |    21 |    31 |       ||   208
       Lamp of fire      |       |       |       |       |     2 |       |     3 |     1 |       ||     6
       Phantom mirror    |       |       |       |       |       |       |     1 |       |       ||     1
       Phial of floods   |       |       |       |       |       |       |       |     2 |       ||     2
  Use: Scroll            |     3 |     9 |    11 |     9 |    24 |    18 |    10 |     6 |     3 ||    93
       Potion            |       |       |     1 |       |    17 |     8 |     5 |     2 |     7 ||    40
 Stab: Paralysed         |       |       |     7 |     4 |       |       |       |       |       ||    11
       Distracted        |       |       |       |       |       |       |       |     2 |       ||     2
  Eat: Chunk             |     2 |     4 |     6 |    20 |    32 |    24 |    21 |    14 |       ||   123
       Ration            |       |     1 |     3 |     8 |    16 |    14 |    10 |    10 |     1 ||    63
Armor: Chain mail        |     8 |    54 |    92 |   145 |       |       |       |       |       ||   299
       Animal skin       |     4 |       |       |       |       |       |       |       |       ||     4
       Plate armour      |       |       |       |    97 |   404 |   393 |   237 |   127 |       ||  1258
       Gold dragon scale |       |       |       |       |       |       |       |   133 |    32 ||   165
Dodge: Dodged            |    37 |    57 |    85 |   373 |   805 |  1093 |   372 |   361 |    26 ||  3209
       Deflected         |       |       |       |       |    34 |   119 |    48 |     2 |       ||   203
Block: Kite shield       |       |       |       |       |       |   468 |   859 |   924 |    54 ||  2305
       Reflection        |       |       |       |       |       |    81 |   159 |    63 |    11 ||   314

Table legend:
 A = Non-vault XP
 B = Vault XP
 C = Vault XP percentage of total XP
 D = Non-vault monster count
 E = Vault monster count
 F = Vault count percentage of total count
                 A         B        C        D         E       F
            +---------+---------+-------+---------+---------+-------
      Total |  607036 |  582332 |  49.0 |    1319 |     670 |  33.7
            +---------+---------+-------+---------+---------+-------
        D:1 |      31 |       0 |   0.0 |      18 |       0 |   0.0
        D:2 |      23 |     260 |  91.9 |       9 |       2 |  18.2
        D:3 |      98 |      76 |  43.7 |      17 |      16 |  48.5
        D:4 |     305 |      36 |  10.6 |      15 |       1 |   6.2
        D:5 |     408 |       0 |   0.0 |      18 |       0 |   0.0
        D:6 |     399 |       0 |   0.0 |       9 |       0 |   0.0
        D:7 |     367 |       0 |   0.0 |       8 |       0 |   0.0
        D:8 |    2680 |    4150 |  60.8 |      36 |      26 |  41.9
        D:9 |    2111 |    1143 |  35.1 |      24 |       3 |  11.1
       D:10 |    5529 |    4360 |  44.1 |      45 |      10 |  18.2
       D:11 |    3194 |    1058 |  24.9 |      23 |       1 |   4.2
       D:12 |    4508 |       0 |   0.0 |      27 |       0 |   0.0
       D:13 |    5017 |    8301 |  62.3 |      16 |      19 |  54.3
       D:14 |    5584 |    1129 |  16.8 |      13 |       1 |   7.1
       D:15 |   13400 |    2459 |  15.5 |      47 |       3 |   6.0
     Lair:1 |    4205 |       0 |   0.0 |      17 |       0 |   0.0
     Lair:2 |    4124 |    2338 |  36.2 |      19 |       1 |   5.0
     Lair:3 |    4943 |    2841 |  36.5 |      18 |      27 |  60.0
     Lair:4 |    8014 |    3087 |  27.8 |      39 |       3 |   7.1
     Lair:5 |    4566 |     819 |  15.2 |      22 |       1 |   4.3
     Lair:6 |   14015 |    6045 |  30.1 |      31 |      16 |  34.0
   Shoals:1 |   15309 |       0 |   0.0 |      29 |       0 |   0.0
   Shoals:2 |    9410 |    3843 |  29.0 |      20 |       9 |  31.0
   Shoals:3 |   17441 |       0 |   0.0 |      37 |       0 |   0.0
   Shoals:4 |   21835 |   32406 |  59.7 |      44 |      43 |  49.4
    Snake:1 |   24056 |       0 |   0.0 |      53 |       0 |   0.0
    Snake:2 |   11572 |     932 |   7.5 |      22 |       1 |   4.3
    Snake:3 |   32207 |    8234 |  20.4 |      59 |      16 |  21.3
    Snake:4 |   19646 |   19450 |  49.7 |      43 |      43 |  50.0
      Orc:1 |    5533 |       0 |   0.0 |      19 |       0 |   0.0
      Orc:2 |    2517 |    9578 |  79.2 |      31 |      39 |  55.7
      Elf:1 |   21827 |    5010 |  18.7 |      32 |       8 |  20.0
      Elf:2 |   13645 |    3807 |  21.8 |      25 |       5 |  16.7
      Elf:3 |   18165 |   50864 |  73.7 |      30 |      35 |  53.8
   Vaults:1 |   29670 |   13983 |  32.0 |      47 |      27 |  36.5
   Vaults:2 |   26302 |   48023 |  64.6 |      38 |      49 |  56.3
   Vaults:3 |   22259 |   13718 |  38.1 |      47 |      16 |  25.4
   Vaults:4 |   29759 |   19989 |  40.2 |      58 |      19 |  24.7
   Vaults:5 |    2917 |   42387 |  93.6 |       3 |      35 |  92.1
   Depths:1 |   26670 |   36529 |  57.8 |      34 |      19 |  35.8
   Depths:2 |   43466 |   62346 |  58.9 |      53 |      58 |  52.3
   Depths:3 |   24350 |   70273 |  74.3 |      29 |      68 |  70.1
   Depths:4 |   61072 |   81128 |  57.1 |      68 |      36 |  34.6
   Depths:5 |   41483 |   21730 |  34.4 |      18 |      14 |  43.8
    Abyss:1 |     889 |       0 |   0.0 |       4 |       0 |   0.0
    Abyss:3 |    1515 |       0 |   0.0 |       5 |       0 |   0.0
            +---------+---------+-------+---------+---------+-------
